 Dungeon Crawl Stone Soup version 0.30-a0-12-gd8047c6341 (webtiles) character file.

Game seed: 8644316214665671693

105 Zonian the Sneak (level 4, 0/23 HPs)
             Began as a Spriggan Brigand on Aug 24, 2022.
             Was a Believer of Zin.
             Slain by an ogre
             ... wielding a +0 giant club
              (23 damage)
             ... on level 3 of the Dungeon.
             The game lasted 00:06:09 (3433 turns).

Zonian the Sneak (Spriggan Brigand)                 Turns: 3433, Time: 00:06:10

Health: 0/23       AC: 10    Str:  8 (10) XL:     4   Next: 54%
Magic:  14/14      EV: 17    Int: 10 (12) God:    Zin [**....]
Gold:   104        SH:  5    Dex: 18      Spells: 3/3 levels left

rFire   . . .      SeeInvis +    n - +7 spear of a Billion Youths {protect, Will- MP+9 Str+3}
rCold   . . .      Faith    .    (no shield)
rNeg    . . .      Spirit   .    b - +0 robe
rPois   .          Reflect  +    (helmet restricted)
rElec   .          Harm     .    c - +0 cloak
rCorr   .          Rampage  .    (gloves unavailable)
Will    .....                    (boots unavailable)
Stlth   ++++......               o - amulet of reflection
HPRegen 0.07/turn                (no ring)
MPRegen 0.14/turn                (no ring)

@: under a protective aura, very quick
A: very small, no large weapons, unfitting armour, see invisible, speed 3
a: Renounce Religion, Recite, Vitalisation, Donate Gold


You were on level 3 of the Dungeon.
You worshipped Zin.
Zin was pleased with you.
You visited 1 branch of the dungeon, and saw 3 of its levels.

You collected 115 gold pieces.
You donated 11 gold pieces to Zin.

Inventory:

Hand Weapons
 a - a +2 dagger
 g - a +0 dagger
 j - a +0 sling
 n - the +7 spear of a Billion Youths (weapon) {protect, Will- MP+9 Str+3}
   (You found it on level 3 of the Dungeon)

   It grants its wielder temporary protection when it strikes (+7 to AC).
   Str:       It affects your strength (+3).
   MP:        It affects your magic capacity (+9).
   Will:      It decreases your willpower.
Missiles
 d - 8 poisoned darts (quivered)
 e - 2 curare-tipped darts
 i - 6 boomerangs
 r - 3 silver javelins
 t - 2 silver boomerangs
Armour
 b - a +0 robe (worn)
 c - a +0 cloak (worn)
Jewellery
 f - a ring of protection from fire
 o - an amulet of reflection (around neck)
Potions
 h - a potion of flight
 p - a potion of cancellation
 s - 2 potions of haste
 u - a potion of curing {unknown}


   Skills:
 + Level 2.2 Fighting
 + Level 3.1 Short Blades
 + Level 2.7 Throwing
 + Level 2.7 Dodging
 + Level 6.6 Stealth


You had 3 spell levels left.
You didn't know any spells.
Your spell library contained the following spells:

 Spells                   Type           Power      Damage    Failure   Level
 Ignite Poison            Fire/Tmut/Pois 0%         N/A       75%         3
 Mephitic Cloud           Conj/Pois/Air  0%         N/A       75%         3
 Freezing Cloud           Conj/Ice/Air   0%         6-21      100%        5


Dungeon Overview and Level Annotations

Branches:
Dungeon (3/15)

Altars:
Zin

Shops:
D:1 (


Innate Abilities, Weirdness & Mutations

You are very small and have problems with some larger weapons.
You are too small for most types of armour.
You have supernaturally acute eyesight. (SInv)
You cover ground extremely quickly. (Speed+++)


Message History

The quokka is heavily wounded.
The quokka bites you but does no damage.
Unknown command.
You puncture the quokka!
You kill the quokka!
No target in view!
No target in view!
Unknown command.
You see here a quokka corpse.
You see here a +0 leather armour.
You open the door.
There is an open door here.
You open the door.
An ogre comes into view. It is wielding a +0 giant club.
The ogre shouts!
An ogre is nearby!
Unknown command.
You aren't carrying any items that you can evoke.
Unknown command.
Throw: 3 darts (curare)
Press: ? - help, Shift-Dir - straight line, f - ogre
Aim: an ogre, wielding a +0 giant club (77% to hit)
You throw a curare-tipped dart. The curare-tipped dart hits the ogre.
The ogre is poisoned.
The ogre convulses.
The ogre seems to slow down.
The ogre is moderately wounded.
Throw: 9 darts (poison)
Press: ? - help, Shift-Dir - straight line, f/p - ogre
Aim: an ogre, wielding a +0 giant club (moderately wounded, very poisoned, slow, 77% to hit)
You throw a poisoned dart. The poisoned dart hits the ogre.
The ogre looks even sicker.
The ogre is moderately wounded.
There is an open door here.
Unknown command.
You puncture the ogre!
Your weapon exudes an aura of protection.
The ogre is severely wounded.
The ogre hits you with a +0 giant club!!
Ouch! That really hurt!
You die...

.............# #.......##'####...
.######.#.#..# #########...###...
..# #.#.##.# #......... ..#
#.#.##.###########...######
..#####.#.##.....................
..........................#......
........#...##########.#....#####
######..<#...................)...
,,,,,#.[##..####@#######'#####.##
,,,,,#..##.###..O..#*#.....###.#.
,,,,,#.)...#*##..(..###.....##...
,_,,.^...#.#,*##.....###...[.#..[
,,...#.#...#,,*##.....###..†.#...
.....#.###.+,,,**#.....###...'...
....,#.#*#.#,,,,**##+###*##..#..÷
####*#.#*..#,,,,,*,,,,,*,*##.#...
,,,,,...,,,**,,,,*,,,,,*,,*###...


You could see an ogre (very poisoned, slow).

Vanquished Creatures
  An orc wizard (D:3)
  2 adders (D:2)
  3 orcs
  A ball python (D:2)
  7 bats
  6 endoplasms
  4 giant cockroaches
  6 hobgoblins
  2 quokkas
  4 frilled lizards (D:2)
  6 goblins
  9 kobolds
  4 rats
55 creatures vanquished.

Notes
Turn   | Place    | Note
-------+----------+-------------------------------------------
     0 | D:1      | Zonian the Spriggan Brigand began the quest for the Orb.
     0 | D:1      | Reached XP level 1. HP: 10/10 MP: 2/2
    19 | D:1      | Found a faded altar of an unknown god.
    29 | D:1      | Prayed at the altar of an unknown god.
    29 | D:1      | Became a worshipper of Zin the Law-Giver
    29 | D:1      | Reached * piety under Zin
   774 | D:1      | Reached skill level 6 in Stealth
   800 | D:1      | Reached XP level 2. HP: 15/15 MP: 3/3
   807 | D:1      | Found Simel's Weapon Shoppe.
   857 | D:1      | Reached ** piety under Zin
  1409 | D:2      | Reached XP level 3. HP: 18/18 MP: 4/4
  2512 | D:3      | Reached XP level 4. HP: 11/23 MP: 5/5
  2959 | D:3      | Identified the +7 spear of a Billion Youths {protect, Will-
                  | MP+9 Str+3}
  3429 | D:3      | Noticed an ogre
  3433 | D:3      | Slain by an ogre

Illustrated notes

Levels and vault maps discovered:
D:1:      eino_arrival_cavern_e, layout_basic, basic_ecumenical_altar,
          serial_shops, shop, hangedman_abyss_or_decor_lesser_grid,
          serial_park_tiny_1
D:2:      minmay_evil_eye, layout_basic
D:3:      layout_basic, lemuel_tele_altar, minmay_quadrilaterals

Skill      XL: |  1  2  3 |
---------------+----------+-----
Stealth        | 6 |  6.6
Dodging        | 2 |  2.7
Fighting       | 2 |  2.2
Short Blades   | 3 |  3.1
Throwing       | |  2.7

Action                   |  1- 3 |  4- 6 || total
-------------------------+-------+-------++-------
Melee: Dagger            |    90 |    13 ||   103
       Spear             |       |    17 ||    17
Throw: Dart              |     4 |     2 ||     6
  Use: Potion            |     5 |       ||     5
       Scroll            |       |     6 ||     6
 Stab: Sleeping          |    17 |     2 ||    19
Armor: Robe              |    13 |     1 ||    14
Dodge: Dodged            |    52 |    19 ||    71
Block: Other             |     8 |     2 ||    10

Table legend: (Time is in decaauts)
 A = Elapsed time spent in this place.
 B = Non-inter-level travel time spent in this place.
 C = Inter-level travel time spent in this place.
 D = Time resting spent in this place.
 E = Time spent auto-exploring this place.
 F = Levels seen in this place.
 G = Mean time per level.
                   A        B        C        D        E       F      G
               +--------+--------+--------+--------+--------+-----+--------+
         Total |   2774 |   2682 |     92 |   1490 |    758 |   3 |  924.7 |
       Dungeon |   2774 |   2682 |     92 |   1490 |    758 |   3 |  924.7 |
               +--------+--------+--------+--------+--------+-----+--------+

Top non-repeatable levels by time:
     D:2: 1115 daAuts
     D:1: 1102 daAuts
     D:3: 555 daAuts
